 Dungeon Crawl Stone Soup version 0.29.1-2-gbd0b4ee654 (webtiles) character file.

Game seed: 12637484744663176509

18543 nshep25 the Severer (level 12, -26/160 HPs)
             Began as a Minotaur Fighter on Oct 24, 2022.
             Was an Initiate of Gozag.
             Annihilated by an orc warlord
             ... wielding a +0 great sword
              (37 damage)
             ... on level 2 of the Orcish Mines.
             The game lasted 00:36:47 (12899 turns).

nshep25 the Severer (Minotaur Fighter)             Turns: 12899, Time: 00:36:47

Health: -26/160    AC: 22    Str: 36    XL:     12   Next: 28%
Magic:  11/11      EV: 22    Int:  5    God:    Gozag
Gold:   1878       SH: 17    Dex: 10    Spells: 11/11 levels left

rFire   . . .      SeeInvis .   N - +1 broad axe (flame)
rCold   . . .      Faith    .   V - +2 tower shield
rNeg    . . .      Spirit   .   O - +0 plate armour
rPois   .          Reflect  .   g - +2 hat {Stlth+}
rElec   .          Harm     .   f - +0 cloak
rCorr   .          Rampage  .   q - +0 pair of gloves
Will    +....                   A - +0 pair of boots
Stlth   ..........              m - amulet of the acrobat
HPRegen 0.36/turn               s - +6 ring of strength
MPRegen 0.12/turn               R - ring of Linearity {Will+ Str+4 Slay+3 Stlth+}

@: berserking, gold aura, acrobatic, very quick
A: horns 2, retaliatory headbutt
a: Renounce Religion, Potion Petition, Call Merchant, Bribe Branch


You were on level 2 of the Orcish Mines.
You worshipped Gozag.
Gozag was most pleased with you.
You visited 3 branches of the dungeon, and saw 15 of its levels.

You collected 2864 gold pieces.
You spent 669 gold pieces at shops.
You paid 317 gold pieces to Gozag.

Inventory:

Hand Weapons
 a - a +1 vorpal war axe
 b - a +1 battleaxe of electrocution
 N - a +1 broad axe of flaming (weapon)
Missiles
 y - 10 boomerangs (quivered)
 E - 5 throwing nets
Armour
 f - a +0 cloak (worn)
 g - a +2 hat of stealth (worn)
 q - a +0 pair of gloves (worn)
 A - a +0 pair of boots (worn)
 O - a +0 plate armour (worn)
 V - a +2 tower shield (worn)
Jewellery
 i - a ring of see invisible
 m - an amulet of the acrobat (around neck)
 s - a +6 ring of strength (left hand)
 C - a ring of ice
 F - an amulet of magic regeneration
 L - a ring of resist corrosion
 P - a ring of wizardry
 R - the ring of Linearity (right hand) {Will+ Str+4 Slay+3 Stlth+}
   (You bought it in a shop on level 3 of the Dungeon)

   [ring of willpower]

   Str:       It affects your strength (+4).
   Slay:      It affects your accuracy & damage with ranged weapons and melee
   (+3).
   Will:      It increases your willpower.
   Stlth:     It makes you more stealthy.
Wands
 z - a wand of iceblast (11)
 B - a wand of paralysis (10)
 D - a wand of flame (30)
 G - a wand of mindburst (31)
 M - a wand of polymorph (22)
 W - a wand of quicksilver (6)
Scrolls
 o - 6 scrolls of fog
 r - 2 scrolls of teleportation
 u - a scroll of silence
 v - 2 scrolls of enchant weapon
 T - a scroll of blinking
Potions
 d - 7 potions of might
 h - 2 potions of invisibility
 j - 7 potions of curing
 k - 5 potions of mutation
 p - 5 potions of haste
 K - a potion of heal wounds
 Q - a potion of flight
Miscellaneous
 S - a box of beasts


   Skills:
 + Level 10.3 Fighting
 + Level 18.8 Axes
 + Level 13.3 Armour
 + Level 2.7 Dodging
 + Level 1.4 Stealth
 * Level 10.0 Shields


You had 11 spell levels left.
You didn't know any spells.
Your spell library contained the following spells:

 Spells                   Type           Power      Damage    Failure   Level
 Summon Small Mammal      Summ           0%         N/A       100%        1
 Sublimation of Blood     Necr           0%         N/A       100%        2
 Wereblood                Tmut           0%         N/A       100%        2
 Call Canine Familiar     Summ           0%         N/A       100%        3
 Gell's Gravitas          Tloc           0%         N/A       100%        3
 Summon Guardian Golem    Hex/Summ       0%         N/A       100%        3
 Teleport Other           Tloc           0%         N/A       100%        3
 Dispersal                Tloc           0%         N/A       100%        6
 Summon Hydra             Summ           0%         N/A       100%        7


Dungeon Overview and Level Annotations

Branches:
Dungeon (12/15)            Temple (1/1) D:5            Lair (0/5) D:8
    Orc (2/2) D:11            Elf (0/3) Orc:2

Altars:
Ashenzari
Cheibriados
Dithmenos
Elyvilon
Fedhas
Gozag
Hepliaklqana
Kikubaaqudgha
Makhleb
Nemelex Xobeh
Okawaru
Qazlal
Ru
Sif Muna
Trog
Uskayaw
Vehumet
Wu Jian
Xom
Yredelemnul
Zin
The Shining One

Shops:
D:3 =   D:7 (   Orc:2 [=

Annotations:
Orc:2 Blork the orc


Innate Abilities, Weirdness & Mutations

You have a pair of horns on your head.
You reflexively headbutt those who attack you in melee.


Message History

The orc warrior barely misses you.
The orc warlord hits you with a +0 great sword!!
The orc sorcerer barely misses you.
The orc warrior hits you from afar with a +0 glaive!!
* * * LOW HITPOINT WARNING * * *
The orc warlord hits you with a +0 great sword!!
* * * LOW HITPOINT WARNING * * *
The orc sorcerer hits you but does no damage.
The orc warrior barely misses you.
The orc warrior unwields a +0 arbalest.
The orc warrior wields a +0 mace.
The orc warrior hits you with a +0 mace.
* * * LOW HITPOINT WARNING * * *
You can move again. [a] - 345 gold - haste and heal wounds [b] - 420 gold - haste and heal wounds [c] - 250 gold - heal wounds and berserk rage Purchase which effect?
You feel much better.
A red film seems to cover your vision as you go berserk!
You feel yourself moving faster!
You feel mighty!
The orc warrior no longer looks unusually strong.
The orc warlord roars a battlecry!
The orc warrior goes into a battle-frenzy!
You block the orc sorcerer's attack.
The orc warrior hits you from afar with a +0 glaive!!
* * * LOW HITPOINT WARNING * * *
The orc warrior barely misses you. You furiously retaliate!
You headbutt the orc warrior! You chop the orc warrior into pieces!!!
You burn the orc warrior.
You kill the orc warrior!
You slash the orc warlord! You burn the orc warlord.
You slice the orc sorcerer!! You burn the orc sorcerer.
You kill the orc sorcerer!
The orc warlord hits you with a +0 great sword!
* * * LOW HITPOINT WARNING * * *
The orc warrior closely misses you.
Your Shields skill increases to level 10!
The orc warlord hits you with a +0 great sword!!!
You die...
Your body crumbles into a pile of gold.

....................#.......## #
#..........................#.##.
#.#.....).................#.....
...#...#))......................
.......)....#.##..........##....
...........)...#..............<.
...........)))..................
...........)#.o$........#....#..
..........#....@o..........$..#.
...........$..$.........#.o$$...
...........#..........####..#o$..
#.....................#∩.##.#.o..
#.....................#...###8..o
#.....................##...##.o..
##........##...........##.o.#....
#..........#...........# #....o..
#....................#####......


You could see an orc warlord and an orc warrior (strong).

Vanquished Creatures
  2 boulder beetles
  A centaur warrior (D:10)
  3 two-headed ogres
  2 orc high priests (Orc:2)
  3 orc knights
  4 orc sorcerers
  A manticore (D:10)
  4 cyclopes
  Maggie (D:9)
  A meliai (D:8)
  3 trolls
  4 hornets
  Sigmund (D:2)
  3 wraiths
  3 yaks (D:9)
  2 steam dragons (D:10)
  2 wargs
  A water moccasin (D:9)
  18 orc warriors
  3 ice beasts (D:5)
  7 black bears
  An ogre (Orc:1)
  5 centaurs
  2 phantoms
  A kobold brigand (D:10)
  5 bullfrogs
  A necrophage (D:6)
  2 gnoll sergeants
  2 scorpions (D:6)
  8 killer bees (D:10)
  2 howler monkeys
  2 hounds
  2 jellies
  12 orc priests
  A gnoll bouda (D:5)
  4 iguanas
  14 orc wizards
  Natasha (thrice) (D:2)
  4 adders
  18 gnolls
  A shadow imp (D:7)
  A white imp (D:5)
  2 ufetubi
  4 worms
  7 dart slugs
  39 orcs
  7 bats
  8 endoplasms
  4 giant cockroaches
  10 goblins
  7 hobgoblins
  5 quokkas
  6 ball pythons
  12 frilled lizards
  10 kobolds
  7 rats
288 creatures vanquished.

Vanquished Creatures (others)
  A wizard (D:7)
  9 plants
10 creatures vanquished.

Grand Total: 298 creatures vanquished

Notes
Turn   | Place    | Note
-------+----------+-------------------------------------------
     0 | D:1      | nshep25 the Minotaur Fighter began the quest for the Orb.
     0 | D:1      | Reached XP level 1. HP: 19/19 MP: 0/0
   277 | D:1      | Reached XP level 2. HP: 27/27 MP: 1/1
   534 | D:1      | Found a faded altar of an unknown god.
   901 | D:2      | Noticed Sigmund
   911 | D:2      | Killed Sigmund
   912 | D:2      | Reached skill level 4 in Axes
   912 | D:2      | Reached XP level 3. HP: 23/34 MP: 2/2
   912 | D:2      | Reached XP level 4. HP: 28/41 MP: 3/3
   912 | D:2      | Reached XP level 5. HP: 32/47 MP: 4/4
  1175 | D:2      | Noticed Natasha
  1185 | D:2      | Killed Natasha
  1210 | D:2      | Reached skill level 5 in Armour
  1242 | D:2      | Noticed Natasha
  1250 | D:2      | Killed Natasha
  1271 | D:2      | Noticed Natasha
  1279 | D:2      | Killed Natasha
  1280 | D:2      | Reached XP level 6. HP: 44/55 MP: 5/5
  1497 | D:2      | You fall into a shaft and drop 2 floors!
  1513 | D:3      | Reached skill level 5 in Axes
  2200 | D:3      | Found Vuuniace's Jewellery Emporium.
  2243 | D:3      | Found an opulent altar of Gozag.
  2243 | D:3      | Found a shimmering altar of Xom.
  2247 | D:3      | Became a worshipper of Gozag Ym Sagoz the Greedy
  2491 | D:3      | Reached skill level 1 in Dodging
  2533 | D:3      | Reached skill level 5 in Fighting
  2539 | D:3      | Reached XP level 7. HP: 36/61 MP: 6/6
  2726 | D:3      | Found a basalt altar of Yredelemnul.
  2976 | D:4      | Identified the +1 robe of Duty {+Blink rCorr}
  2985 | D:4      | Reached skill level 6 in Axes
  3517 | D:4      | Reached skill level 7 in Axes
  3715 | D:5      | Entered Level 5 of the Dungeon
  3814 | D:5      | Reached skill level 5 in Shields
  3822 | D:5      | Reached XP level 8. HP: 58/70 MP: 7/7
  3927 | D:5      | Reached skill level 8 in Axes
  4033 | D:5      | Found a staircase to the Ecumenical Temple.
  4040 | Temple   | Entered the Ecumenical Temple
  4697 | D:6      | Reached skill level 9 in Axes
  4858 | D:6      | Found an iron altar of Okawaru.
  5078 | D:6      | Found a blossoming altar of Fedhas.
  5343 | D:6      | Reached XP level 9. HP: 73/77 MP: 8/8
  5581 | D:3      | Bought the ring of Linearity {Will+ Str+4 Slay+3 Stlth+}
                  | for 669 gold pieces
  5590 | D:3      | Identified a scroll of acquirement
  5590 | D:3      | Acquired a manual of Axes
  5844 | D:7      | Reached skill level 10 in Axes
  5977 | D:7      | Found Nuiwkaxa's Weapon Boutique.
  6192 | D:7      | Reached skill level 11 in Axes
  6221 | D:7      | Found a bloodstained altar of Trog.
  6222 | D:7      | Noticed a wizard
  6227 | D:7      | Killed a wizard
  6543 | D:8      | Noticed a meliai
  6543 | D:8      | Noticed a cyclops
  6544 | D:8      | Noticed a boulder beetle
  6544 | D:8      | Noticed a cyclops
  6550 | D:8      | Killed a meliai
  6845 | D:8      | Killed a cyclops
  6846 | D:8      | Reached skill level 12 in Axes
  6911 | D:8      | Killed a cyclops
  6912 | D:8      | Reached skill level 13 in Axes
  7039 | D:8      | Killed a boulder beetle
  7040 | D:8      | Reached skill level 10 in Armour
  7040 | D:8      | Reached XP level 10. HP: 44/86 MP: 9/9
  7343 | D:8      | Found a staircase to the Lair.
  7442 | D:8      | Found a glowing golden altar of the Shining One.
  7529 | D:8      | Found a radiant altar of Vehumet.
  7534 | D:8      | Reached skill level 14 in Axes
  7950 | D:9      | Noticed Maggie
  7961 | D:9      | Killed Maggie
  8063 | D:9      | Noticed a two-headed ogre
  8071 | D:9      | Killed a two-headed ogre
  8072 | D:9      | Reached skill level 15 in Axes
  8178 | D:9      | Found a large runed translucent door.
  8179 | D:9      | Found a large runed translucent door.
  8392 | D:9      | Noticed a two-headed ogre
  8407 | D:9      | Killed a two-headed ogre
  8408 | D:9      | Reached skill level 16 in Axes
  9178 | D:9      | Found a shadowy altar of Dithmenos.
  9188 | D:9      | Found a snail-covered altar of Cheibriados.
  9370 | D:10     | Entered Level 10 of the Dungeon
  9370 | D:10     | Found a broken altar of Ashenzari.
  9379 | D:10     | Noticed a two-headed ogre
  9387 | D:10     | Killed a two-headed ogre
  9388 | D:10     | Reached skill level 1 in Stealth
  9388 | D:10     | Reached XP level 11. HP: 86/95 MP: 10/10
  9622 | D:10     | Reached skill level 17 in Axes
 10224 | D:10     | Noticed a centaur warrior
 10229 | D:10     | Noticed a boulder beetle
 10235 | D:10     | Killed a centaur warrior
 10240 | D:10     | Killed a boulder beetle
 10435 | D:10     | Noticed an orc knight
 10446 | D:10     | Killed an orc knight
 10447 | D:10     | Reached skill level 18 in Axes
 10743 | D:11     | Found a staircase to the Orcish Mines.
 10800 | D:11     | Found a shimmering altar of Xom.
 11047 | Orc:1    | Entered Level 1 of the Orcish Mines
 11053 | Orc:1    | Noticed an orc sorcerer
 11063 | Orc:1    | Noticed a sun demon
 11064 | Orc:1    | Killed an orc sorcerer
 11320 | Orc:2    | Entered Level 2 of the Orcish Mines
 11355 | Orc:1    | Noticed an orc high priest
 11383 | Orc:2    | Killed an orc high priest
 11807 | Orc:2    | Noticed an orc sorcerer
 11807 | Orc:2    | Found Bylu's Jewellery Emporium.
 11807 | Orc:2    | Noticed an orc warlord
 11808 | Orc:2    | Noticed a sun demon
 11808 | Orc:2    | Noticed an orc knight
 11809 | Orc:2    | Noticed a sun demon
 11810 | Orc:2    | Found Utullys's Antique Armour Emporium.
 11810 | Orc:2    | Noticed an orc knight
 11810 | Orc:2    | Noticed an orc high priest
 11810 | Orc:2    | Noticed Blork the orc
 11810 | Orc:2    | Noticed an orc knight
 11813 | Orc:2    | Noticed a soul eater
 11813 | Orc:2    | Noticed an orc knight
 11814 | Orc:2    | Noticed an orc sorcerer
 11977 | Orc:2    | Noticed an orc sorcerer
 11991 | Orc:2    | Killed an orc sorcerer
 11992 | Orc:2    | Reached skill level 10 in Fighting
 11992 | Orc:2    | Reached XP level 12. HP: 53/105 MP: 11/11
 12213 | Orc:2    | Found a staircase to the Elven Halls.
 12303 | Orc:2    | Killed an orc high priest
 12893 | Orc:2    | Paralysed by an orc sorcerer for 4 turns
 12896 | Orc:2    | HP: 2/106 [orc warrior/+0 mace[an orc warlord] (6)]
 12899 | Orc:2    | Reached skill level 10 in Shields
 12899 | Orc:2    | Annihilated by an orc warlord

Illustrated notes

Levels and vault maps discovered:
D:1:      minmay_arrival_five_plusses, layout_loops_ring, serial_rivers,
          chequers_serial_rivers_micro_c, chequers_serial_rivers_micro_e,
          chequers_serial_rivers_marsh, chequers_serial_rivers_small_b,
          shapermc_ecumenical_altar_mp_highgroup
D:2:      layout_rooms, serial_bayou_lagoon_a, uniq_sigmund, uniq_natasha
D:3:      minmay_recursive_quarters, layout_basic,
          mainiacjoe_overflow_cross_hatched, gammafunk_temple_overflow_wave,
          serial_shops, nicolae_shop_crystal, minmay_joined_circles
D:4:      wad_lake_hut, layout_cave_pools, kennysheep_flooded_box,
          minmay_starry_boxes
D:5:      layout_cave_pods, minmay_temple_entry_trees
D:6:      layout_cave_pods, kennysheep_little_box, okawaru_trees_1
D:7:      layout_basic, trog_wizard, serial_shops, nicolae_shop_statue_plus
D:8:      minmay_bloctagon_deflated, layout_cave_pools, tso_altar,
          vehumet_altar_wand_db, lair_entry_dummy, dk_noncrumbling_2
D:9:      layout_layer_cave, jmf_multi_god_temple2, uniq_maggie
D:10:     cheibrodos_elevator_heist, layout_irregular_city, ashenzari_altar_1
D:11:     layout_roguey, david_orc_2, xom_teletrap_fun
D:12:     layout_rooms
Temple:   hellmonk_temple_of_storms
Orc:1:    layout_caves, statue_in_the_mist_lemuel
Orc:2:    grunt_orc_cross, layout_caves

Skill      XL: |  1  2  3  4  5  6  7  8  9 10 11 12 |
---------------+-------------------------------------+-----
Shields        | 4 5 6 8 10 | 10.0
Armour         | 4 5 6 8 10 11 13 | 13.3
Fighting       | 4 5 6 7 8 10 | 10.3
Axes           | 4 5 7 9 13 16 18 | 18.8
Dodging        | 1 2 |  2.7
Stealth        | 1 |  1.4

Action                   |  1- 3 |  4- 6 |  7- 9 | 10-12 || total
-------------------------+-------+-------+-------+-------++-------
Melee: War axe           |    47 |    91 |   194 |    43 ||   375
       Headbutt          |     4 |    15 |    43 |    62 ||   124
       Broad axe         |       |       |       |   243 ||   243
Invok: Potion Petition   |       |       |       |     1 ||     1
  Use: Scroll            |       |       |    18 |     5 ||    23
       Potion            |       |       |     1 |     6 ||     7
 Stab: Distracted        |       |       |       |     1 ||     1
Armor: Scale mail        |    28 |    12 |       |       ||    40
       Chain mail        |       |    31 |    64 |       ||    95
       Plate armour      |       |       |    32 |   124 ||   156
Dodge: Dodged            |    17 |    54 |    99 |    97 ||   267
Block: Buckler           |     9 |    19 |    39 |    29 ||    96
       Tower shield      |       |       |       |   116 ||   116
